 Dungeon Crawl Stone Soup version 0.27.0-1-g7a089689b8 (webtiles) character file.

Game seed: 809311304181293667

30685 sasquatch the Transmogrifier (level 13, -12/130 HPs)
             Began as a Troll Transmuter on Aug 5, 2021.
             Was a High Priest of Okawaru.
             Mangled by a cane toad (16 damage)
             ... on level 4 of the Lair of Beasts.
             The game lasted 00:41:24 (13139 turns).

sasquatch the Transmogrifier (Troll Transmuter)    Turns: 13139, Time: 00:41:25

Health: -12/130    AC:  5    Str: 21    XL:     13   Next: 21%
Magic:  10/13      EV: 10    Int:  9    God:    Okawaru [*****.]
Gold:   283        SH:  0    Dex: 14    Spells: 2/14 levels left

rFire    . . .     SeeInvis .     - Unarmed
rCold    + . .     Faith    .   (no shield)
rNeg     . . .     Spirit   .   S - +1 robe of Beitwo {Will+ Regen+}
rPois    .         Reflect  .   (helmet currently unavailable)
rElec    +         Harm     .   (no cloak)
rCorr    .         Rampage  .   (gloves unavailable)
Will     ++...                  (boots unavailable)
Stlth    +.........             R - amulet of Xeanox {Acrobat rElec}
HPRegen  2.31/turn              j - ring of protection from cold
MPRegen  0.13/turn              w - ring of willpower

@: lethally poisoned (-12 -> -19), appendages, wereblooded, slowed, very slow
A: horns 2, talons 2, large, unfitting armour, claws 3, regeneration 1, shaggy
fur 1, tough skin 1
a: End Transformation, Renounce Religion, Heroism, Finesse


You were on level 4 of the Lair of Beasts.
You worshipped Okawaru.
Okawaru was extremely pleased with you.
You had temporarily grown beastly horns and talons.
You visited 3 branches of the dungeon, and saw 17 of its levels.
You also visited: Bailey.

You collected 855 gold pieces.
You spent 572 gold pieces at shops.

Inventory:

Hand Weapons
 v - a +3 whip of electrocution
Missiles
 e - 104 poisoned darts
 i - 16 javelins
 J - 2 throwing nets
 L - 3 curare-tipped darts
Armour
 O - +1 gold dragon scales
 S - the +1 robe of Beitwo (worn) {Will+ Regen+}
   (You found it on level 1 of the Lair of Beasts)

   Regen:     It increases your rate of health regeneration.
   Will:      It increases your willpower.
 V - the +1 robe of the Stag {rF+ rC+ Int+6 Stlth-}
   (Okawaru gifted it to you on level 3 of the Lair of Beasts)

   Int:       It affects your intelligence (+6).
   rF:        It protects you from fire.
   rC:        It protects you from cold.
   Stlth:     It makes you less stealthy.
Jewellery
 a - a ring of flight
 j - a ring of protection from cold (left claw)
 q - the ring of Epraxax {rF++ MP+9 Str-2 Dex-5 SInv}
   (You acquired it on level 7 of the Dungeon)

   [ring of see invisible]

   Str:       It affects your strength (-2).
   Dex:       It affects your dexterity (-5).
   rF:        It greatly protects you from fire.
   MP:        It affects your magic capacity (+9).
   SInv:      It lets you see invisible.
 t - a +6 ring of strength
 w - a ring of willpower (right claw)
 x - a ring of positive energy
 R - the amulet of Xeanox (around neck) {Acrobat rElec}
   (You bought it in a shop on level 5 of the Dungeon)

   [amulet of the acrobat]

   It increases your evasion while moving and waiting.
   rElec:     It insulates you from electricity.
 U - a ring of protection from fire
Wands
 m - a wand of paralysis (12)
 r - a wand of mindburst (9)
 A - a wand of acid (6)
 H - a wand of digging (18)
 I - a wand of iceblast (17)
 T - a wand of flame (17)
Scrolls
 c - 3 scrolls of enchant armour
 h - 4 scrolls of enchant weapon
 k - 2 scrolls of identify
 n - a scroll of amnesia
 u - a scroll of fog
 G - a scroll of summoning
 N - a scroll of vulnerability
Potions
 b - 3 potions of mutation
 d - 6 potions of heal wounds
 f - 5 potions of brilliance
 l - 4 potions of curing
 o - 5 potions of haste
 p - 4 potions of attraction
 s - 2 potions of lignification
 z - a potion of resistance
 B - a potion of flight {unknown}
 C - a potion of degeneration {unknown}
 D - 3 potions of magic
 E - a potion of might {unknown}
 K - a potion of ambrosia
 P - a potion of cancellation {unknown}


   Skills:
 - Level 8.8 Fighting
 - Level 1.5 Dodging
 + Level 12.1 Unarmed Combat
 - Level 1.2 Spellcasting
 * Level 12.8 Transmutations


You had 2 spell levels left.
You knew the following spells:

 Your Spells              Type           Power      Damage    Failure   Level
a - Beastly Appendage     Tmut           46%        N/A       1%          1
b - Wereblood             Tmut           23%        N/A       1%          2
c - Spider Form           Tmut/Pois      6%         N/A       8%          3
d - Ice Form              Ice/Tmut       12%        N/A       26%         4
e - Passwall              Tmut/Erth      10%        N/A       4%          2

Your spell library contained the following spells:

 Spells                   Type           Power      Damage    Failure   Level
 Freeze                   Ice            0%         1d3       36%         1
 Pain                     Necr           0%         1d4       36%         1
 Corpse Rot               Necr/Air       N/A        N/A       50%         2
 Poisonous Vapours        Pois/Air       0%         N/A       50%         2
 Yara's Violent Unravell  Hex/Tmut       6%         3d5       58%         5
 Frozen Ramparts          Ice            0%         1d2       73%         3
 Stone Arrow              Conj/Erth      0%         3d7       73%         3
 Tukima's Dance           Hex            0%         N/A       73%         3
 Fulminant Prism          Conj/Hex       0%         3d6       98%         4
 Hailstorm                Conj/Ice       0%         3d3       98%         4
 Iskenderun's Mystic Bla  Conj/Tloc      0%         2d3       98%         4
 Passage of Golubria      Tloc           N/A        N/A       98%         4
 Agony                    Necr           0%         N/A       100%        5
 Excruciating Wounds      Necr           0%         N/A       100%        5
 Freezing Cloud           Conj/Ice/Air   0%         6-21      100%        5
 Lee's Rapid Deconstruct  Erth           0%         3d5*      100%        5
 Iron Shot                Conj/Erth      0%         9d1       100%        6
 Simulacrum               Ice/Necr       0%         N/A       100%        6


Dungeon Overview and Level Annotations

Branches:
Dungeon (11/15)            Temple (1/1) D:7            Lair (5/6) D:10
 Shoals (0/4) Lair:4       Spider (0/4) Lair:3        Slime (0/5) Lair:5
    Orc (0/2) D:10         Bailey (visited)

Altars:
Ashenzari
Cheibriados
Dithmenos
Elyvilon
Fedhas
Gozag
Hepliaklqana
Kikubaaqudgha
Makhleb
Nemelex Xobeh
Okawaru
Qazlal
Ru
Sif Muna
Trog
Uskayaw
Vehumet
Wu Jian
Xom
Yredelemnul
Zin
The Shining One
Jiyva

Shops:
D:3 (   D:5 =   D:8 *   D:9 :

Annotations:
Lair:1 3 runed translucent doors, mdk's ghost, journeyman KoBe
Lair:3 2 transporters, Gastronok; Luuwnalu's ghost, journeyman KoHu
Lair:4 Nergalle
Lair:5 Nessos


Innate Abilities, Weirdness & Mutations

You have temporarily grown beastly horns and talons.
You are too large for most types of armour.
You have claws for hands.
Your natural rate of healing is unusually fast.
You are covered in fur. (AC +1)
You have tough skin. (AC +1)


Message History

The killer bee barely misses you.
You hear an angry hiss.
There is a stone staircase leading down, spattered with blood here.
You feel sick. The killer bee barely misses you. x3
The killer bee stings the plant!
The plant begins to die.
The killer bee stings you.
You are more poisoned.
The killer bee poisons you! The killer bee stings you.
You are more poisoned.
The killer bee poisons you!
The bullfrog hits you but does no damage.
The killer bee stings the plant.
The bullfrog hits the plant.
The killer bee barely misses you.
The seven-headed hydra completely misses you.
The seven-headed hydra bites you!
The seven-headed hydra bites you but does no damage.
The seven-headed hydra bites you. x2; The seven-headed hydra misses you.
The seven-headed hydra bites you!
The killer bee stings you but does no damage.
The cane toad closely misses you. The queen bee completely misses you.
The bullfrog hits you. Nergalle casts a spell at you.
Orcish apparitions take form around you.
The killer bee stings the plant!
The spectral orc hits you but does no damage.
The killer bee closely misses you.
The bullfrog hits the plant!
The seven-headed hydra closely misses you.
The seven-headed hydra bites you. The seven-headed hydra bites you!
* * * LOW HITPOINT WARNING * * *
The seven-headed hydra bites you.
* * * LOW HITPOINT WARNING * * *
The seven-headed hydra bites you but does no damage.
The seven-headed hydra bites you!
* * * LOW HITPOINT WARNING * * *
The seven-headed hydra closely misses you.
The killer bee stings you!
* * * LOW HITPOINT WARNING * * *
The meliai hits the plant with a +0 war axe!
The meliai stings the plant!
The cane toad stings you!
You die...

.....## ..#..# #...P# #
#P..P###≈ ####
##....##≈≈###≈.. #!ZZZo##.
≈..^≈ #..yFy##≈##≈.. ..
#.yF@Z##≈≈##≈###..##
####yyPDy##.≈≈..≈≈F....
yy.#..y###F#F..≈F.>.#≈.#..
!.†y....##yySw≈..≈...≈≈#
y..#y..........#≈≈.≈≈≈)#
##.........≈##.≈##≈..#
#..........#....##....
......#.................
...#.#....#......P.#.....


You could see a seven-headed hydra, Nergalle, a torpor snail, a spectral orc
(summoned), 2 spectral orc warriors, a spectral orc warlord (summoned), 2 cane
toads, a queen bee, a water moccasin, a meliai, 2 bullfrogs and 8 killer bees.

Vanquished Creatures
  A hydra (Lair:3)
  A boulder beetle (D:11)
  A centaur warrior (D:11)
  A two-headed ogre (D:11)
  Urug (Lair:1)
  Sonja (Lair:1)
  Pikel (D:5)
  An orc knight (Bailey)
  A moth of wrath (shapeshifter) (D:11)
  An oklob plant (Lair:2)
  8 elephants
  2 black mambas
  A torpor snail (Lair:5)
  A gargoyle (D:11)
  An unseen horror (D:11)
  5 cane toads
  A rime drake (Lair:5)
  4 komodo dragons
  2 jumping spiders (Lair:3)
  A polar bear (Lair:1)
  3 trolls
  3 slime creatures (D:7)
  8 blink frogs (Lair:5)
  A hornet (D:8)
  2 redbacks (Lair:3)
  Sigmund (D:5)
  A shadow (D:9)
  26 yaks
  3 wyverns
  2 vampire mosquitoes (D:8)
  3 wargs (D:10)
  An acid dragon (D:11)
  7 water moccasins
  6 orc warriors
  3 black bears
  2 sky beasts
  2 ice beasts
  5 ogres
  6 wolves (Lair:2)
  A centaur (D:5)
  5 kobold brigands
  A phantom (D:5)
  9 bullfrogs
  5 gnoll sergeants
  3 scorpions
  A water moccasin zombie (D:6)
  5 wights (D:9)
  4 killer bees
  2 electric eels (Lair:1)
  A howler monkey (D:7)
  2 centaur zombies (D:9)
  2 orc priests (D:10)
  6 hounds
  10 jellies
  Ijyb (D:4)
  A bullfrog skeleton (D:6)
  A centaur skeleton (D:3)
  An iguana (D:5)
  8 orc wizards
  A hound skeleton (D:4)
  2 howler monkey zombies
  2 howler monkey skeletons (D:6)
  7 adders
  8 gnolls
  A white imp (D:5)
  2 ufetubi (D:5)
  2 dart slugs
  59 orcs
  3 ball pythons (D:1)
  29 endoplasms
  2 giant cockroaches
  16 goblins
  9 hobgoblins
  7 jackals
  A quokka (D:2)
  7 bats
  7 frilled lizards
  26 kobolds
  A quokka skeleton (D:4)
  8 rats
390 creatures vanquished.

Vanquished Creatures (others)
  3 demonic plants (D:2)
  17 fungi
  10 plants
  10 toadstools (D:7)
  2 withered plants (D:2)
42 creatures vanquished.

Grand Total: 432 creatures vanquished

Notes
Turn   | Place    | Note
-------+----------+-------------------------------------------
     0 | D:1      | sasquatch the Troll Transmuter began the quest for the Orb.
     0 | D:1      | Reached XP level 1. HP: 18/18 MP: 1/1
   138 | D:1      | Reached XP level 2. HP: 26/26 MP: 0/2
   190 | D:1      | Learned a level 2 spell: Wereblood
   518 | D:2      | Reached XP level 3. HP: 32/32 MP: 1/3
   831 | D:2      | Found a faded altar of an unknown god.
  1371 | D:3      | Found Giupeting's Antique Weapon Boutique.
  1443 | D:3      | Reached XP level 4. HP: 35/40 MP: 0/4
  1831 | D:3      | Reached XP level 5. HP: 39/46 MP: 3/5
  1903 | D:3      | Found a stormy altar of Qazlal.
  1943 | D:3      | Learned a level 3 spell: Spider Form
  2293 | D:4      | Reached XP level 6. HP: 54/54 MP: 2/6
  2610 | D:4      | Identified the +5 scale mail of the Land of Plenty {rPois
                  | Slay+2}
  2610 | D:4      | Noticed Ijyb
  2625 | D:4      | Killed Ijyb
  2762 | D:5      | Entered Level 5 of the Dungeon
  2786 | D:5      | Noticed Sigmund
  2796 | D:5      | Killed Sigmund
  2797 | D:5      | Reached skill level 5 in Unarmed Combat
  2797 | D:5      | Reached skill level 5 in Transmutations
  2797 | D:5      | Reached XP level 7. HP: 52/61 MP: 7/7
  2819 | D:5      | Found a shimmering blue altar of Sif Muna.
  2995 | D:5      | Noticed Pikel
  3009 | D:5      | Killed Pikel
  3010 | D:5      | Reached XP level 8. HP: 66/68 MP: 5/8
  3491 | D:5      | Found Jawaiman's Jewellery Emporium.
  3886 | D:6      | Identified the amulet "Zefebuch" {Acrobat +Inv}
  4061 | D:6      | Reached XP level 9. HP: 74/75 MP: 7/9
  4749 | D:6      | Learned a level 4 spell: Ice Form
  5073 | D:7      | Found a flagged portal.
  5088 | Bailey   | Entered a bailey
  5323 | Bailey   | Reached XP level 10. HP: 106/106 MP: 6/10
  5380 | Bailey   | Noticed an orc knight
  5414 | Bailey   | Killed an orc knight
  5467 | Bailey   | Noticed an orc knight
  5479 | Bailey   | Noticed an orc knight
  5538 | D:7      | Acquired the ring of Epraxax {rF++ MP+9 Str-2 Dex-5 SInv}
  5891 | D:7      | Found a staircase to the Ecumenical Temple.
  6140 | D:7      | Found a large runed translucent door.
  6141 | D:7      | Found a large runed translucent door.
  6192 | D:7      | Found a broken altar of Ashenzari.
  6195 | D:7      | Found a glowing golden altar of the Shining One.
  6546 | D:8      | Reached XP level 11. HP: 95/113 MP: 8/11
  6789 | D:8      | Found Kysot's Assorted Antiques.
  6794 | D:8      | Paralysed by a hornet for 3 turns
  6933 | D:9      | Found Nyedefad's Book Shoppe.
  7322 | D:9      | Found a glowing silver altar of Zin.
  7544 | D:9      | Found a faded altar of an unknown god.
  7544 | D:9      | Found a faded altar of an unknown god.
  7554 | D:9      | Found a hazy altar of Hepliaklqana.
  7722 | Temple   | Entered the Ecumenical Temple
  7747 | Temple   | Became a worshipper of Warmaster Okawaru
  7869 | D:10     | Entered Level 10 of the Dungeon
  8070 | D:10     | Found a staircase to the Lair.
  8208 | D:10     | Reached * piety under Okawaru
  8652 | D:10     | Reached skill level 10 in Transmutations
  8825 | D:10     | Found a staircase to the Orcish Mines.
  9065 | D:10     | Reached ** piety under Okawaru
  9187 | D:11     | Noticed a boulder beetle
  9187 | D:11     | Noticed a centaur warrior
  9200 | D:11     | Killed a centaur warrior
  9201 | D:11     | Reached skill level 10 in Unarmed Combat
  9218 | D:11     | Killed a boulder beetle
  9218 | D:11     | Reached *** piety under Okawaru
  9439 | D:11     | Noticed a two-headed ogre
  9449 | D:11     | Killed a two-headed ogre
  9487 | D:11     | Found an iron altar of Okawaru.
  9633 | D:11     | Reached XP level 12. HP: 96/122 MP: 10/12
  9666 | D:11     | Got the Grimoire of Stones
  9823 | Lair:1   | Entered Level 1 of the Lair of Beasts
  9825 | Lair:1   | Found a runed translucent gate.
  9825 | Lair:1   | Found a runed translucent gate.
  9825 | Lair:1   | Noticed mdk's ghost (journeyman KoBe)
  9872 | Lair:1   | Reached **** piety under Okawaru
  9876 | Lair:1   | Found a runed translucent gate.
  9944 | Lair:1   | Noticed Urug
  9952 | Lair:1   | Killed Urug
 10168 | Lair:1   | Reached ***** piety under Okawaru
 10217 | Lair:1   | Noticed Sonja
 10344 | Lair:1   | Identified the +1 robe of Beitwo {Will+ Regen+}
 10823 | Lair:1   | Killed Sonja
 10956 | Lair:2   | Learned a level 2 spell: Passwall
 11853 | D:5      | Bought the amulet of Xeanox {Acrobat rElec} for 572 gold
                  | pieces
 12179 | Lair:3   | Noticed Luuwnalu's ghost (journeyman KoHu)
 12180 | Lair:3   | Found a transporter.
 12239 | Lair:3   | Found a transporter.
 12263 | Lair:3   | Found a hole to the Spider Nest.
 12317 | Lair:3   | Noticed a four-headed hydra
 12323 | Lair:3   | Killed a four-headed hydra
 12398 | Lair:3   | Identified the +1 robe of the Stag {rF+ rC+ Int+6 Stlth-}
                  | (Okawaru gifted it to you on level 3 of the Lair of Beasts)
 12398 | Lair:3   | Received a gift from Okawaru
 12550 | Lair:3   | Noticed Gastronok
 12558 | Lair:3   | Reached XP level 13. HP: 63/130 MP: 9/13
 12563 | Lair:4   | Found a staircase to the Shoals.
 12571 | Lair:4   | Noticed Nergalle
 12629 | Lair:5   | Noticed Nessos
 12755 | Lair:5   | Found a viscous altar of Jiyva.
 12755 | Lair:5   | Found a staircase to the Slime Pits.
 13139 | Lair:4   | HP: 4/130 [killer bee (10)]
 13139 | Lair:4   | Mangled by a cane toad

Illustrated notes

Levels and vault maps discovered:
D:1:      psy_arrival_statuary, layout_rooms
D:2:      layout_loops_cross, shapermc_ecumenical_altar_gd
D:3:      layout_rooms, nicolae_qazlal_eye_of_the_storm, serial_shops,
          nicolae_shop_overgrown_old_shop, chequers_serial_rivers_large_b
D:4:      kennysheep_goblin_castle, layout_rooms, kennysheep_cluttered_room
D:5:      layout_basic, mainiacjoe_overflow_paths, serial_shops,
          nicolae_shop_statue_plus, uniq_sigmund, uniq_pikel
D:6:      layout_basic
D:7:      cheibrodos_fertilizer, layout_gridville, jmf_multi_god_temple2,
          minmay_temple_entry_glass, enter_bailey_4
D:8:      layout_loops_cross, serial_shops, nicolae_lakefront_shop
D:9:      layout_long_grid, zin_scriptorium,
          nicolae_hepliaklqana_ecumenical_no_more, serial_shops, shop
D:10:     layout_cave_pods, erik_lair_orcish_takeover,
          kennysheep_orc_monster_closet_entryway
D:11:     minmay_tri_box, layout_irregular_city, okawaru_trees_1
Temple:   lightli_temple_of_artemis
Lair:1:   layout_loops_ring, gammafunk_ghost_split,
          nicolae_quartered_pool_medium, infiniplex_staircase_pool_2, uniq_urug,
          uniq_sonja
Lair:2:   lemuel_slime, layout_chaotic_city, st_stairs_3
Lair:3:   layout_chaotic_city, spider_nest_entry_a, basic_altar,
          gammafunk_ghost_arena, uniq_gastronok
Lair:4:   regret_index_combs_of_tragedy, layout_misc_corridors,
          elwin_shoals_entry_rocks, special_room [special_room_bee],
          gammafunk_ghost_berserking_beasts, uniq_nergalle
Lair:5:   layout_concentric_octagons, dpeg_slime_entry_enclosed_altar,
          portal_ice_cave_demonic_guard, special_room
          [special_room_mythical_zoo], uniq_nessos

Skill      XL: |  1  2  3  4  5  6  7  8  9 10 11 12 13 |
---------------+----------------------------------------+-----
Transmutations | 2 3 4 5 6 7 8 9 10 12 | 12.8
Unarmed Combat | 4 5 6 7 8 10 11 12 | 12.1
Fighting       | 8 |  8.8
Dodging        | |  1.5
Spellcasting   | |  1.2

Action                   |  1- 3 |  4- 6 |  7- 9 | 10-12 | 13-15 || total
-------------------------+-------+-------+-------+-------+-------++-------
Melee: Unarmed           |    91 |   119 |   190 |   482 |    85 ||   967
       Punch             |     1 |     1 |     5 |    24 |     4 ||    35
       Kick              |     3 |    15 |    41 |   184 |    21 ||   264
       Headbutt          |     3 |    12 |    23 |   103 |    12 ||   153
Throw: Dart              |       |    11 |     5 |       |       ||    16
 Cast: Beastly Appendage |    20 |    22 |    29 |    66 |     8 ||   145
       Wereblood         |     1 |     5 |    10 |    37 |     6 ||    59
       Spider Form       |       |       |     1 |     2 |       ||     3
       Ice Form          |       |       |       |     4 |     1 ||     5
Invok: Heroism           |       |       |       |     1 |       ||     1
Evoke: Wand              |       |       |       |     1 |       ||     1
  Use: Scroll            |       |       |    11 |     7 |     8 ||    26
       Potion            |       |       |     1 |     2 |     2 ||     5
Armor: Robe              |    35 |    38 |    47 |    53 |    16 ||   189
       Troll leather arm |       |       |       |    34 |       ||    34
       Skin              |       |       |       |     7 |     2 ||     9
Dodge: Dodged            |    39 |    49 |   147 |   284 |    73 ||   592
